 Dungeon Sprint DCSS version 0.26.1-2-gb8aa6d0cf2 (webtiles) character file.

Game seed: 3732448207404812798

39 Groucho the Covert (level 3, -8/17 HPs)
             Began as a Spriggan Enchanter on Feb 27, 2021.
             Mangled by a water elemental (21 damage)
             ... in the Dungeon (Sprint III: "The Ten Rune Challenge").
             The game lasted 00:02:41 (1237 turns).

Groucho the Covert (Spriggan Enchanter)             Turns: 1237, Time: 00:02:41

Health: -8/17      AC:  3    Str:  7    XL:     3   Next: 28%
Magic:  6/9        EV: 18    Int: 16    God:
Gold:   18         SH:  0    Dex: 16    Spells: 2/11 levels left

rFire    . . .     SeeInvis +   a - +1 dagger
rCold    . . .     Faith    .   (shield restricted)
rNeg     . . .     Spirit   .   b - +0 robe
rPois    .         Reflect  .   (helmet restricted)
rElec    .         Harm     .   (no cloak)
rCorr    .         Rampage  .   (gloves unavailable)
Will     .....     NoTele   +   (boots unavailable)
Stlth    ++++......             (no amulet)
HPRegen  0.05/turn              (no ring)
MPRegen  0.11/turn              (no ring)

@: confusing touch, hasted, very quick
A: very small, unfitting armour, see invisible, speed 3, low mp 1, robust 1,
shaggy fur 1, strong 1
a: no special abilities


You were in the Dungeon.
You visited 1 branch You collected 18 gold pieces.

Inventory:

Hand Weapons
 a - a +1 dagger (weapon)
Armour
 b - a +0 robe (worn)
Scrolls
 i - a scroll of blinking
 j - a scroll of holy word {unknown}
 k - 3 scrolls of identify
 l - a scroll of fear {unknown}
 n - a scroll of torment {unknown}
 o - a scroll of remove curse {unknown}
Potions
 c - a potion of resistance {unknown}
 d - a potion of curing
 g - 2 potions of magic
 m - 2 potions of flight {unknown}
 p - a potion of attraction {unknown}
 q - 2 potions of mutation


   Skills:
 - Level 1.1 Short Blades
 - Level 3.0 Dodging
 * Level 8.5 Stealth
 + Level 4.7 Spellcasting
 + Level 5.3 Hexes


You had 2 spell levels left.
You knew the following spells:

 Your Spells              Type           Power        Failure   Level
a - Corona                Hex            22%          1%          1
b - Ensorcelled Hibernat  Hex/Ice        24%          8%          2
c - Confusing Touch       Hex            20%          5%          3
d - Dazzling Flash        Conj/Hex       24%          16%         3

Your spell library contained the following spells:

 Spells                   Type           Power        Failure   Level
 Tukima's Dance           Hex            20%          5%          3


Dungeon Overview and Level Annotations

Branches:
Dungeon (1/1)

Altars:


Innate Abilities, Weirdness & Mutations

You are very small and have problems with some larger weapons.
You are too small for most types of armour.
You have supernaturally acute eyesight. (SInv)
You cover ground extremely quickly.
Your magical capacity is low. (-10% MP)
You are robust. (+10% HP)
You are covered in fur. (AC +1)
Your muscles are strong. (Str +2)


Message History

You are too injured to fight recklessly!
You are too injured to fight recklessly!
You hit the water elemental but do no damage.
You feel much better. The water elemental barely misses you.
You hit the water elemental but do no damage.
You hit the water elemental but do no damage.
The water elemental hits you.
The water elemental engulfs you in water!
You hit the water elemental but do no damage.
Your lungs strain for air!
The water elemental misses you.
You slip free of the water engulfing you.
You gasp with relief as air once again reaches your lungs.
You hit the water elemental but do no damage.
You hit the water elemental but do no damage.
The water elemental misses you.
You hit the water elemental but do no damage.
The water elemental hits you!!
Ouch! That really hurt!
You die...

▓<..#)..#### ##.#
▓...#......#####..#
▓..##.......#..#..#
▓##.##.##...#..#..###+#+##
##.##.###..##'#..#.......
▓#÷####.##..###...'.⌠.....
▓.###..##..####...#...####
▓#.....##..###....#.⌠.#
###..##...##@....#...#
##..##....#..E...#+###
#..###..##.#.....# #..#
#..#####....# ▓▓▓▓ ▓▓▓▓
▓▓▓▓▓▓


You could see a water elemental.

Vanquished Creatures
  A human (D)
  A wolf (D)
  An ooze (D)
  3 rats (D)
6 creatures vanquished.

Notes
Turn   | Place    | Note
-------+----------+-------------------------------------------
     0 | D        | Groucho the Spriggan Enchanter began the quest for the Orb.
     0 | D        | Reached XP level 1. HP: 9/9 MP: 5/5
    11 | D        | Reached skill level 5 in Stealth
    32 | D        | Reached skill level 6 in Stealth
   142 | D        | Noticed a wolf
   145 | D        | Killed a wolf
   146 | D        | Reached skill level 7 in Stealth
   146 | D        | Reached XP level 2. HP: 13/13 MP: 6/8
   168 | D        | Learned a level 2 spell: Ensorcelled Hibernation
   719 | D        | Reached skill level 8 in Stealth
   719 | D        | Reached skill level 5 in Hexes
   719 | D        | Reached XP level 3. HP: 2/16 MP: 2/10
   988 | D        | Learned a level 3 spell: Confusing Touch
   992 | D        | Learned a level 3 spell: Dazzling Flash
  1033 | D        | Gained mutation: Your body sometimes deteriorates upon
                  | taking damage. [potion of mutation]
  1033 | D        | Gained mutation: You possess an exceptional clarity of
                  | mind. [potion of mutation]
  1033 | D        | Gained mutation: Your magical capacity is low. (-10% MP)
                  | [potion of mutation]
  1033 | D        | Gained mutation: You are robust. (+10% HP) [potion of
                  | mutation]
  1043 | D        | Lost mutation: Your body sometimes deteriorates upon taking
                  | damage. [potion of mutation]
  1043 | D        | Lost mutation: You possess an exceptional clarity of mind.
                  | [potion of mutation]
  1043 | D        | Gained mutation: You are covered in fur. (AC +1) [potion of
                  | mutation]
  1043 | D        | Gained mutation: Your muscles are strong. (Str +2) [potion
                  | of mutation]
  1220 | D        | Noticed a water elemental
  1237 | D        | Mangled by a water elemental

Illustrated notes

Levels and vault maps discovered:
D:        dungeon_sprint_mu [sprint_mu_entry_cave, sprint_mu_temple_rooms,
          sprint_mu_d1_spiders, sprint_mu_d2_genie, sprint_mu_d3_branching,
          sprint_mu_orc_legion, sprint_mu_elf_gauntlet, sprint_mu_hive_nellie,
          sprint_mu_lair_fedhas, sprint_mu_vaults_butterflies,
          sprint_mu_slime_circle, sprint_mu_shoals_archi,
          sprint_mu_snake_twists, sprint_mu_blade_basic,
          sprint_mu_crypt_chambers, sprint_mu_tomb_spiral,
          sprint_mu_vestibule_basic, sprint_mu_gehenna_hellfire,
          sprint_mu_dis_giant, sprint_mu_tartarus_statrot,
          sprint_mu_cocytus_islands, sprint_mu_zot1]

Skill      XL: |  1  2 |
---------------+-------+-----
Stealth        | 7 8 |  8.5
Spellcasting   | 4 |  4.7
Hexes          | 4 5 |  5.3
Short Blades   | |  1.1
Dodging        | |  3.0

Action                   || total
-------------------------++-------
Melee: Dagger            ||    28
 Cast: Corona            ||     5
       Ensorcelled Hiber ||     2
       Confusing Touch   ||     1
  Use: Potion            ||     5
 Stab: Sleeping          ||     4
Dodge: Dodged            ||    14
